 Dungeon Crawl Stone Soup version 0.21-a0-401-g0b6bec4 (webtiles) character file.

37 Requin the Ruffian (level 3, -1/27 (30) HPs)
             Began as a Ghoul Gladiator on Oct 25, 2017.
             Slain by Sigmund
             ... wielding a +0 scythe
              (4 damage)
             ... on level 2 of the Dungeon.
             The game lasted 00:15:37 (1032 turns).

Requin the Ruffian (Ghoul Gladiator)                Turns: 1032, Time: 00:15:38

HP:   -1/27 (30)    AC:  6    Str: 17    XL:     3   Next: 39%
MP:   2/2           EV: 11    Int:  4    God:
Gold: 36            SH:  0    Dex: 10    Spells: 2/2 levels left

rFire    . . .     SeeInvis .     - Unarmed
rCold    + . .     Gourm    .   (no shield)
rNeg     + + +     Faith    .   i - +0 ring mail
rPois    ∞         Spirit   .   b - +0 helmet
rElec    .         Reflect  .   (no cloak)
rCorr    .         Harm     .   (no gloves)
MR       .....                  (no boots)
Stlth    ..........             (no amulet)
HPRegen  0.00/turn              (no ring)
MPRegen  0.08/turn              (no ring)

@: rotting
A: rotting body, claws 1, carnivore 3, cold resistance 1, negative energy
resistance 3, inhibited regeneration, torment resistance, unbreathing
a: no special abilities


You were on level 2 of the Dungeon.
You were not hungry.

You visited 1 branch of the dungeon, and saw 2 of its levels.

You collected 36 gold pieces.

Inventory:

Missiles
 c - 2 throwing nets (quivered)
Armour
 b - a +0 helmet (worn)
 i - a +0 ring mail (worn)
Scrolls
 a - a scroll of blinking
 d - a scroll of identify
Potions
 g - a potion of brilliance


   Skills:
 + Level 2.4 Fighting
 - Level 1.7 Throwing
 + Level 3.1 Dodging
 + Level 4.2 Unarmed Combat


You had 2 spell levels left.
You didn't know any spells.

Dungeon Overview and Level Annotations

Branches:
Dungeon (2/15)

Altars:

Annotations:
D:2 Sigmund


Innate Abilities, Weirdness & Mutations

Your body is rotting away.
You thrive on raw meat.
You are immune to poison.
You have sharp fingernails.
You are carnivorous and can eat meat at any time.
Your flesh is cold resistant. (rC+)
You are immune to negative energy. (rN+++)
You do not regenerate when monsters are visible.
You are immune to unholy pain and torment.
You can survive without breathing.


Message History

You scratch Sigmund.
Sigmund is severely wounded.
Sigmund hits you with a scythe.
You scratch Sigmund but do no damage.
Sigmund is severely wounded.
Sigmund gestures wildly while chanting.
Sigmund flickers and vanishes!
Deactivating autopickup; reactivate with Ctrl-A.
Autopickup is now on.
Deactivating autopickup; reactivate with Ctrl-A.
You miss something. Your claw misses something.
Something hits you but does no damage.
You start resting.
Something hits you but does no damage. Something hits you. Something hits you.
Something hits you!
* * * LOW HITPOINT WARNING * * *
You open the door. Something hits you.
You die...

... ....+... ....
###....###.#####
....######.......##.<...+
........$........########
.............$...#
#.$...........#
#.............#
#......<......#
#.......##@####
#.............#
...############ .. #


There were no monsters in sight!

Vanquished Creatures
  An ooze (D:1)
  2 leopard geckos (D:1)
  2 goblins (D:1)
  A hobgoblin (D:1)
  13 jackals (D:1)
  2 kobolds (D:1)
  2 bats (D:1)
  A frilled lizard (D:1)
24 creatures vanquished.

Vanquished Creatures (others)
  A jackal (D:2)
1 creature vanquished.

Grand Total: 25 creatures vanquished

Notes
Turn   | Place    | Note
-------+----------+-------------------------------------------
     0 | D:1      | Requin the Ghoul Gladiator began the quest for the Orb.
     0 | D:1      | Reached XP level 1. HP: 17/17 MP: 0/0
    64 | D:1      | Reached XP level 2. HP: 15/25 MP: 1/1
   368 | D:1      | Reached skill level 4 in Unarmed Combat
   371 | D:1      | Reached XP level 3. HP: 25/28 MP: 2/2
   792 | D:2      | Noticed Sigmund
  1032 | D:2      | Slain by Sigmund

Vault maps used:
D:1:      minmay_arrival_stone_box
D:2:      regret_index_temple_of_mockery, uniq_sigmund

Skill      XL: |  1  2 |
---------------+-------+-----
Dodging        | 3 |  3.1
Unarmed Combat | 4 |  4.2
Fighting       | |  2.4
Throwing       | |  1.7

Action                   || total
-------------------------++-------
Melee: Unarmed           ||    92
       Punch             ||     2
Throw: Throwing net      ||     1
  Use: Scroll            ||     5
  Eat: Meat ration       ||     1
       Chunk             ||     1
Armor: Leather armour    ||    15
       Ring mail         ||    18
Dodge: Dodged            ||    61

Table legend:
 A = Spawn XP
 B = Non-spawn XP
 C = Spawn XP percentage of total XP
 D = Spawn monster count
 E = Non-spawn monster count
 F = Spawn count percentage of total count
 G = Total turns spent on level
                    A         B        C        D         E        F      G
               +---------+---------+-------+---------+---------+-------+---------
         Total |       0 |      53 |   0.0 |       0 |      24 |   0.0 |  1032
               +---------+---------+-------+---------+---------+-------+---------
           D:1 |       0 |      53 |   0.0 |       0 |      24 |   0.0 |   994
               +---------+---------+-------+---------+---------+-------+---------
